 Dungeon Crawl Stone Soup version 0.22.0 (webtiles) character file.

35671 Flugkiller the Cleaver (level 13, -3/121 HPs)
             Began as a Deep Dwarf Fighter on Aug 11, 2018.
             Was an Elder of Makhleb.
             Slain by a death yak (14 damage)
             ... on level 6 of the Lair of Beasts.
             The game lasted 00:22:58 (13179 turns).

Flugkiller the Cleaver (Deep Dwarf Fighter)        Turns: 13179, Time: 00:22:59

Health: -3/121     AC: 20    Str: 22    XL:     13   Next: 48%
Magic:  1/1        EV:  8    Int: 10    God:    Makhleb [****..]
Gold:   1091       SH: 14    Dex: 14    Spells: 12/12 levels left

rFire    + . .     SeeInvis .   K - +1 broad axe
rCold    . . .     Gourm    .   c - +1 shield
rNeg     . . .     Faith    +   B - +0 chain mail
rPois    +         Spirit   .   H - +0 helmet
rElec    .         Reflect  .   Q - +2 cloak {rPois}
rCorr    .         Harm     .   T - +0 pair of gloves
MR       +....                  I - +0 pair of boots
Stlth    ..........             N - amulet of faith
HPRegen  0.00/turn              D - ring of protection from fire
MPRegen  0.07/turn              h - +1 ring of evasion

@: non-regenerating
A: damage resistance, heal wounds, sense surroundings 2, no regeneration
a: Heal Wounds, Minor Destruction, Lesser Servant of Makhleb, Major Destruction,
Renounce Religion


You were on level 6 of the Lair of Beasts.
You worshipped Makhleb.
Makhleb was greatly pleased with you.
You were not hungry.

You visited 3 branches of the dungeon, and saw 16 of its levels.

You collected 1091 gold pieces.

Inventory:

Hand Weapons
 a - a +0 war axe
 K - a +1 broad axe (weapon)
 O - a +2 eveningstar of protection
Missiles
 t - a throwing net (quivered)
Armour
 c - a +1 shield (worn)
 B - a +0 chain mail (worn)
 G - a +2 cloak
 H - a +0 helmet (worn)
 I - a +0 pair of boots (worn)
 Q - a +2 cloak of poison resistance (worn)
 T - a +0 pair of gloves (worn)
Jewellery
 h - a +1 ring of evasion (right hand)
 s - a +1 ring of slaying
 D - a ring of protection from fire (left hand)
 N - an amulet of faith (around neck)
 P - an uncursed ring of fire {unknown}
Wands
 v - a wand of enslavement (15)
 x - a wand of polymorph (15)
 y - a wand of acid (6)
 C - a wand of flame (104)
 R - a wand of paralysis (11)
 S - a wand of iceblast (8)
Scrolls
 e - 9 scrolls of teleportation
 g - 2 scrolls of enchant armour
 j - 2 scrolls of fear
 l - 8 scrolls of remove curse
 m - 2 scrolls of fog
 n - 2 scrolls of enchant weapon
 r - 4 scrolls of immolation
 F - a scroll of magic mapping
 J - a scroll of acquirement
 L - 4 scrolls of identify
 M - 3 scrolls of amnesia
Potions
 b - 2 potions of haste
 d - 2 potions of might
 i - 3 potions of flight
 k - 7 potions of curing
 o - a potion of resistance
 p - a potion of berserk rage
 q - 2 potions of ambrosia
 u - 3 potions of heal wounds
 w - 2 potions of lignification
 z - 4 potions of brilliance
 A - 2 potions of mutation
 E - a potion of cancellation
Comestibles
 f - 24 rations
 U - 4 chunks of flesh


   Skills:
 + Level 9.6 Fighting
 * Level 14.7 Axes
 + Level 11.2 Armour
 + Level 11.3 Shields
 + Level 10.6 Invocations


You had 12 spell levels left.
You didn't know any spells.
Your spell library contained the following spells:

 Spells                   Type           Power        Failure   Level  Hunger
 Conjure Flame            Conj/Fire      #.......     100%        3    ####...
 Confuse                  Hex            #.......     100%        3    ####...
 Freezing Cloud           Conj/Ice/Air   #.........   100%        6    #######
 Mephitic Cloud           Conj/Pois/Air  #.......     100%        3    ####...
 Ring of Flames           Chrm/Fire      #.........   100%        7    #######
 Summon Ice Beast         Ice/Summ       #.......     100%        4    #####..
 Tukima's Dance           Hex            #.......     100%        3    ####...
 Spider Form              Tmut/Pois      #.........   100%        3    ####...
 Blade Hands              Tmut           #.........   100%        5    ######.
 Ice Form                 Ice/Tmut       #.......     100%        4    #####..
 Sticks to Snakes         Tmut           #.......     99%         2    ###....
 Call Canine Familiar     Summ           #.......     100%        3    ####...
 Ensorcelled Hibernation  Hex/Ice        #.....       99%         2    ###....
 Summon Butterflies       Summ           #.......     98%         1    ##.....
 Corona                   Hex            #......      98%         1    ##.....
 Summon Hydra             Summ           #.........   100%        7    #######
 Beastly Appendage        Tmut           #.....       98%         1    ##.....
 Dazzling Spray           Conj/Hex       #.....       100%        3    ####...
 Summon Mana Viper        Hex/Summ       #.......     100%        5    ######.
 Poisonous Vapours        Pois/Air       #.....       99%         2    ###....


Dungeon Overview and Level Annotations

Branches:
Dungeon (9/15)             Temple (1/1) D:6            Lair (6/6) D:9
  Swamp (0/4) Lair:3        Snake (0/4) Lair:2
  Slime: Lair:5-6       Orc: D:9-12

Altars:
Dithmenos
Elyvilon
Fedhas
Gozag
Hepliaklqana
Kikubaaqudgha
Makhleb
Okawaru
Sif Muna
Trog
Uskayaw
Wu Jian
Xom
Yredelemnul
Zin

Annotations:
Lair:3 1 runed door, exclusion: oklob plant, Rauguz's ghost, journeyman TrFi


Innate Abilities, Weirdness & Mutations

You are resistant to damage.
You can heal yourself by infusing magical energy.
You passively map the area around you.
You do not regenerate.


Message History

* * * LOW HITPOINT WARNING * * *
You slash the death yak!
The death yak is heavily wounded.
The death yak gores you but does no damage.
You hit the death yak.
The death yak is severely wounded.
The death yak gores you!
* * * LOW HITPOINT WARNING * * *
You feel much better. The death yak gores you!
* * * LOW HITPOINT WARNING * * *
You barely miss the death yak.
The death yak is severely wounded.
The death yak closely misses you.
You hit the death yak but do no damage.
The death yak is severely wounded.
The death yak gores you but does no damage.
You slash the death yak!
The death yak is almost dead.
The death yak gores you!!
You die...

..######PP..P...# #..#.#
.........P......# ####...##
....P...#PP...P.###.P.#..##
..####.....#..............#
..###..#.(.##...#.#.#....##
...##.........###..#.#..##
..###..##..P..# #####....# ###
..####.P.....<####.###..## #..
.###.......##...@Y.##...### #..
.##........##........#..#.## ##..
.#............#...#.....#..###.#.
..P........#.....................
...........................P.....
..............P#........#P.PP.#..
.#..?.........P.........P....##..
.............P.P##.#.........##..
...P........P####P.........P.##..


You could see a death yak.

Vanquished Creatures
  Kirke (Lair:4)
  A deep troll shaman (Lair:5)
  A catoblepas (Lair:6)
  2 two-headed ogres (D:8)
  7 death yaks
  Sonja (Lair:5)
  17 elephants
  3 black mambas
  A torpor snail (Lair:2)
  7 spiny frogs
  A rime drake (Lair:3)
  3 komodo dragons
  Grinder (D:3)
  6 blink frogs (Lair:5)
  A hornet (D:9)
  5 dream sheep (Lair:5)
  3 hippogriffs
  Sigmund (D:5)
  A wyvern (Lair:4)
  A fire elemental (Lair:3)
  23 yaks
  2 hogs
  5 basilisks
  2 hungry ghosts
  2 nagas (Lair:2)
  11 water moccasins
  8 porcupines
  6 black bears
  2 sky beasts
  An ice beast (D:7)
  2 phantoms
  An eye of draining (D:8)
  A necrophage (D:6)
  8 ogres
  A centaur (D:7)
  12 wolves (Lair:6)
  13 crocodiles
  11 bullfrogs
  A water moccasin zombie (D:9)
  5 scorpions
  6 killer bees (D:7)
  An electric eel (Lair:3)
  2 howler monkeys
  2 crimson imps
  2 centaur zombies
  2 hounds (D:5)
  2 jellies (D:5)
  4 orc priests
  2 bullfrog skeletons
  Jessica (D:3)
  Ijyb (D:4)
  5 orc wizards
  Natasha (D:2)
  6 worker ants
  2 worker ant zombies
  4 gnolls (D:4)
  2 howler monkey skeletons (D:6)
  11 adders
  2 oozes (D:2)
  An adder zombie (D:3)
  2 adder skeletons (D:8)
  6 worms
  3 dart slugs
  3 leopard geckos
  25 orcs
  A ball python (D:3)
  11 bats
  4 giant cockroaches
  5 goblins
  10 hobgoblins
  10 jackals
  3 quokkas
  8 frilled lizards
  A jackal skeleton (D:4)
  10 kobolds
  A leopard gecko skeleton (D:5)
  9 rats
  2 fungi
  6 plants
360 creatures vanquished.

Vanquished Creatures (collateral kills)
  A hydra (Lair:5)
  A hog (Lair:4)
  A bullfrog (Lair:4)
3 creatures vanquished.

Vanquished Creatures (others)
  8 fungi
  2 plants (Lair:3)
10 creatures vanquished.

Grand Total: 373 creatures vanquished

Notes
Turn   | Place    | Note
-------+----------+-------------------------------------------
     0 | D:1      | Flugkiller the Deep Dwarf Fighter began the quest for the Orb.
     0 | D:1      | Reached XP level 1. HP: 20/20 MP: 1/1
   190 | D:1      | Reached XP level 2. HP: 21/27 MP: 2/2
   490 | D:2      | Reached skill level 3 in Axes
   490 | D:2      | Reached XP level 3. HP: 23/33 MP: 3/3
   737 | D:2      | Reached XP level 4. HP: 38/42 MP: 4/4
   838 | D:2      | Found a white marble altar of Elyvilon.
  1182 | D:2      | Found a hide-covered altar of Uskayaw.
  1182 | D:2      | Found an opulent altar of Gozag.
  1403 | D:2      | Noticed Natasha
  1410 | D:2      | Reached skill level 4 in Axes
  1410 | D:2      | Reached XP level 5. HP: 19/49 MP: 5/5
  1414 | D:2      | Killed Natasha
  1940 | D:3      | Reached XP level 6. HP: 53/56 MP: 4/4
  2008 | D:3      | Noticed Jessica
  2012 | D:3      | Killed Jessica
  2157 | D:3      | Noticed Grinder
  2173 | D:3      | Paralysed by Grinder for 4 turns
  2180 | D:3      | Killed Grinder
  2180 | D:3      | Reached skill level 5 in Axes
  2180 | D:3      | Reached XP level 7. HP: 30/64 MP: 5/5
  2314 | D:4      | Reached skill level 5 in Armour
  2331 | D:4      | Reached skill level 5 in Shields
  2413 | D:4      | Found a shadowy altar of Dithmenos.
  2462 | D:4      | Reached skill level 6 in Axes
  2543 | D:4      | Found a shadowy altar of Dithmenos.
  2563 | D:4      | Noticed Ijyb
  2686 | D:4      | Killed Ijyb
  2995 | D:4      | Noticed a moth of wrath
  2998 | D:4      | Found a bloodstained altar of Trog.
  3223 | D:5      | Entered Level 5 of the Dungeon
  3358 | D:5      | Reached XP level 8. HP: 45/73 MP: 6/6
  3381 | D:5      | Noticed Sigmund
  3401 | D:5      | Killed Sigmund
  3401 | D:5      | Reached skill level 7 in Axes
  3413 | D:5      | Reached skill level 5 in Fighting
  3559 | D:5      | Found a shimmering altar of Xom.
  3767 | D:6      | Reached skill level 8 in Axes
  4119 | D:6      | Found a glowing silver altar of Zin.
  4124 | D:6      | Noticed an angel
  4125 | D:6      | Found a shimmering altar of Xom.
  4133 | D:6      | Gained mutation: You passively map the area around you. [Deep Dwarf growth]
  4133 | D:6      | Reached XP level 9. HP: 68/81 MP: 5/5
  4500 | D:6      | Found a staircase to the Ecumenical Temple.
  4505 | Temple   | Entered the Ecumenical Temple
  4519 | Temple   | Became a worshipper of Makhleb the Destroyer
  4705 | D:7      | Reached skill level 1 in Invocations
  4770 | D:7      | Found a blossoming altar of Fedhas.
  4770 | D:7      | Found a basalt altar of Yredelemnul.
  4942 | D:7      | Reached skill level 9 in Axes
  5819 | D:8      | Reached * piety under Makhleb
  5984 | D:8      | Noticed a two-headed ogre
  6012 | D:8      | HP: 2/84 [two-headed ogre/giant spiked club (21)]
  6014 | D:8      | Killed a two-headed ogre
  6014 | D:8      | Reached skill level 10 in Axes
  6014 | D:8      | Reached XP level 10. HP: 45/92 MP: 2/8
  6334 | D:8      | Noticed a two-headed ogre
  6346 | D:8      | HP: 3/92 [two-headed ogre/giant spiked club (13)]
  6350 | D:8      | Killed a two-headed ogre
  6741 | D:9      | Reached skill level 5 in Invocations
  6752 | D:9      | Identified a scroll of acquirement
  6891 | D:9      | Found a staircase to the Lair.
  7162 | Lair:1   | Entered Level 1 of the Lair of Beasts
  7169 | Lair:1   | Noticed a spiny frog
  7259 | Lair:1   | Reached skill level 11 in Axes
  7508 | Lair:1   | Killed a spiny frog
  8060 | Lair:2   | Reached XP level 11. HP: 100/100 MP: 2/2
  8096 | Lair:2   | Noticed a death yak
  8097 | Lair:2   | Noticed a death yak
  8133 | Lair:2   | Killed a death yak
  8135 | Lair:2   | HP: 5/150 [death yak[a torpor snail] (16)]
  8137 | Lair:2   | Killed a death yak
  8240 | Lair:2   | Reached ** piety under Makhleb
  8243 | Lair:2   | Reached skill level 12 in Axes
  8442 | Lair:2   | Found a staircase to the Snake Pit.
  9368 | Lair:3   | Found a staircase to the Swamp.
  9404 | Lair:3   | Found a runed door.
  9404 | Lair:3   | Noticed Rauguz's ghost (journeyman TrFi)
  9448 | Lair:3   | Noticed an oklob plant
 10122 | Lair:4   | Noticed Kirke
 10122 | Lair:4   | Reached XP level 12. HP: 93/111 MP: 2/2
 10302 | Lair:4   | Reached *** piety under Makhleb
 10355 | Lair:4   | Reached skill level 13 in Axes
 10355 | Lair:4   | Reached skill level 10 in Armour
 10355 | Lair:4   | Reached skill level 10 in Shields
 10551 | Lair:4   | Noticed a sphinx
 10560 | Lair:4   | Killed Kirke
 11304 | Lair:5   | Reached **** piety under Makhleb
 11352 | Lair:5   | Noticed a four-headed hydra
 11356 | Lair:5   | Noticed Sonja
 11656 | Lair:5   | Reached skill level 14 in Axes
 11731 | Lair:5   | Killed Sonja
 11738 | Lair:5   | Killed a six-headed hydra
 11738 | Lair:5   | Reached XP level 13. HP: 108/121 MP: 2/2
 11889 | Lair:6   | Entered Level 6 of the Lair of Beasts
 12064 | Lair:6   | Reached skill level 10 in Invocations
 12440 | Lair:6   | HP: 5/121 [death yak (17)]
 13141 | Lair:5   | HP: 3/121 [deep troll shaman (6)]
 13175 | Lair:6   | HP: 2/121 [death yak (15)]
 13179 | Lair:6   | Slain by a death yak

Skill      XL: |  1  2  3  4  5  6  7  8  9 10 11 12 13 |
---------------+----------------------------------------+-----
Axes           | 3 4 5 6 8 10 11 12 14 | 14.7
Fighting       | 3 4 5 6 7 8 9 |  9.6
Armour         | 4 5 6 7 8 9 10 11 | 11.2
Shields        | 4 5 6 7 8 9 10 11 | 11.3
Invocations    | 4 6 8 9 10 | 10.6

Action                   |  1- 3 |  4- 6 |  7- 9 | 10-12 | 13-15 || total
-------------------------+-------+-------+-------+-------+-------++-------
Melee: War axe           |   113 |   176 |   506 |    20 |       ||   815
       Unarmed           |       |       |    10 |       |       ||    10
       Broad axe         |       |       |       |   630 |   278 ||   908
       Eveningstar       |       |       |       |    22 |       ||    22
Throw: Throwing net      |       |       |     1 |       |       ||     1
Invok: Lesser Servant of |       |       |       |     2 |       ||     2
 Abil: Heal Wounds       |     2 |     7 |    15 |    28 |     7 ||    59
Evoke: Wand              |       |       |       |     7 |       ||     7
  Use: Scroll            |       |     4 |     9 |    14 |     1 ||    28
       Potion            |       |       |     1 |     2 |       ||     3
 Stab: Paralysed         |       |       |       |     1 |       ||     1
       Petrified         |       |       |       |       |    12 ||    12
       Petrifying        |       |       |       |       |     1 ||     1
  Eat: Chunk             |       |     2 |    10 |    13 |     5 ||    30
       Ration            |       |     1 |     2 |     2 |       ||     5
Armor: Scale mail        |    63 |    91 |    54 |       |       ||   208
       Chain mail        |       |       |   155 |   332 |   149 ||   636
       Skin              |       |       |     4 |       |       ||     4
Dodge: Dodged            |    36 |    45 |   138 |   220 |    71 ||   510
Block: Shield            |    54 |    98 |   273 |   475 |   176 ||  1076
